 Dungeon Crawl Stone Soup version 0.29.1-15-g9cfb28693d (webtiles) character file.

Game seed: 3472477388705143070

25 protoss039 the Digger (level 2, -6/21 HPs)
             Began as a Demonspawn Earth Elementalist on Mar 15, 2023.
             Mangled by a gnoll
             ... wielding a +0 flail
              (9 damage)
             ... on level 2 of the Dungeon.
             The game lasted 00:00:47 (819 turns).

protoss039 the Digger (DsEE)                         Turns: 819, Time: 00:00:47

Health: -6/21      AC:  3    Str:  8    XL:     2   Next: 86%
Magic:  2/5        EV: 11    Int: 16    God:
Gold:   3          SH:  0    Dex: 13    Spells: 2/5 levels left

rFire   . . .      SeeInvis .   e - +0 club
rCold   . . .      Faith    .   (no shield)
rNeg    . . .      Spirit   .   j - +0 leather armour
rPois   .          Reflect  .   (no helmet)
rElec   .          Harm     .   (no cloak)
rCorr   .          Rampage  .   (no gloves)
Will    .....                   (no boots)
Stlth   ++........              (no amulet)
HPRegen 0.07/turn               (no ring)
MPRegen 0.09/turn               (no ring)

@: no status effects
A: claws 1
a: no special abilities


You were on level 2 of the Dungeon.
You visited 1 branch of the dungeon, and saw 2 of its levels.

You collected 3 gold pieces.

Inventory:

Hand Weapons
 e - a +0 club (weapon)
Armour
 j - a +0 leather armour (worn)
Scrolls
 c - a scroll of identify {unknown}
 f - a scroll of silence {unknown}
 h - a scroll of brand weapon {unknown}
Potions
 b - a potion of magic
 d - a potion of attraction {unknown}
 g - a potion of ambrosia {unknown}
 i - 2 potions of resistance {unknown}


   Skills:
 + Level 1.2 Fighting
 * Level 0.5 Armour
 - Level 1.7 Dodging
 - Level 1.7 Stealth
 + Level 2.3 Spellcasting
 - Level 0.8 Transmutations
 + Level 3.0 Earth Magic


You had 2 spell levels left.
You knew the following spells:

 Your Spells              Type           Power      Damage    Failure   Level
a - Sandblast             Erth           22%        2d7       9%          1
b - Passwall              Tmut/Erth      6%         N/A       19%         2

Your spell library contained the following spells:

 Spells                   Type           Power      Damage    Failure   Level
 Shock                    Conj/Air       4%         1d3       28%         1
 Stone Arrow              Conj/Erth      12%        3d7       41%         3
 Swiftness                Air            1%         N/A       63%         3
 Petrify                  Tmut/Erth      8%         N/A       77%         4
 Airstrike                Air            0%         2d(1-17)  95%         4


Dungeon Overview and Level Annotations

Branches:
Dungeon (2/15) Zot: 11169

Altars:

Annotations:
D:2 Terence


Innate Abilities, Weirdness & Mutations

You have sharp fingernails.


Message History

There are monsters nearby!
There are monsters nearby!
An adder and a bat come into view.
Casting: Sandblast (safe; 9% risk of failure)
Confirm with . or Enter, or press ? or * to list all spells.
Aiming: Sandblast (safe; 9% risk of failure)
Press: ? - help, Shift-Dir - straight line, f - gnoll
Aim: a gnoll, wielding a +0 flail (asleep, 100% to hit)
The blast of sand hits the gnoll!
The gnoll is heavily wounded.
The gnoll shouts!
The frilled lizard hisses angrily.
You hear a shout!
You hear an angry hiss.
You hear a shout! x2
A gnoll comes into view. It is wielding a +0 spear.
A gnoll comes into view. It is wielding a +0 flail.
The gnoll hits you with a +0 flail.
The gnoll shouts!
Casting: Sandblast (safe; 9% risk of failure)
Confirm with . or Enter, or press ? or * to list all spells.
Aiming: Sandblast (safe; 9% risk of failure)
Press: ? - help, Shift-Dir - straight line, f/p - gnoll
Aim: a gnoll, wielding a +0 flail (heavily wounded, 84% to hit)
The blast of sand misses the gnoll.
The blast of sand hits the bat!
You kill the bat!
Terence the Incautious comes into view.
He is wielding a +0 flail and wearing a +2 chain mail of fire resistance.
The gnoll hits you with a +0 flail!
* * * LOW HITPOINT WARNING * * *
A frilled lizard comes into view.
Casting: Sandblast (safe; 9% risk of failure)
Confirm with . or Enter, or press ? or * to list all spells.
Aiming: Sandblast (safe; 9% risk of failure)
Press: ? - help, Shift-Dir - straight line, f/p - gnoll
Aim: a gnoll, wielding a +0 flail (heavily wounded, 84% to hit)
The blast of sand hits the gnoll.
The gnoll is almost dead.
The gnoll hits you from afar with a +0 spear.
* * * LOW HITPOINT WARNING * * *
The gnoll drinks a potion.
The gnoll flickers and vanishes!
Deactivating autopickup; reactivate with Ctrl-A.
The gnoll hits you with a +0 flail!
You die...

#. .. . @#
.#.# .l. #.
#l{ #.# #g#
#.# #g# ##.#
###@# ...
#...# #.#
#.###
#.####.####.#
#...†.......#
#.####.######
#.# #.# #.#
#.# #.# #..


You could see Terence, 2 gnolls and 2 frilled lizards.

Vanquished Creatures
  An adder (D:2)
  2 bats
  2 endoplasms (D:1)
  A giant cockroach (D:2)
  3 goblins (D:1)
  A hobgoblin (D:1)
  2 quokkas (D:1)
  A ball python (D:1)
  A frilled lizard (D:1)
  A kobold (D:1)
  A rat (D:2)
16 creatures vanquished.

Notes
Turn   | Place    | Note
-------+----------+-------------------------------------------
     0 | D:1      | protoss039 the Demonspawn Earth Elementalist began the
                  | quest for the Orb.
     0 | D:1      | Reached XP level 1. HP: 13/13 MP: 3/3
   280 | D:1      | Discovered your monstrous ancestry.
   280 | D:1      | Gained mutation: You have sharp fingernails. [demonic
                  | ancestry]
   280 | D:1      | Reached XP level 2. HP: 20/20 MP: 3/5
   340 | D:1      | Reached skill level 1 in Fighting
   680 | D:1      | Learned a level 2 spell: Passwall
   685 | D:2      | Reached skill level 3 in Earth Magic
   818 | D:2      | Noticed Terence
   819 | D:2      | Mangled by a gnoll

Illustrated notes

Levels and vault maps discovered:
D:1:      scummos_arrival_forest, layout_basic, chequers_serial_rivers_micro_c,
          feat_on_display
D:2:      layout_loops_ring, kennysheep_small_spiral, uniq_terence

Skill      XL: |  1  2 |
---------------+-------+-----
Fighting       | 1 |  1.2
Earth Magic    | 3 |  3.0
Armour         | |  0.5
Dodging        | |  1.7
Stealth        | |  1.7
Spellcasting   | |  2.3
Transmutations | |  0.8

Action                   || total
-------------------------++-------
Melee: Club              ||     3
 Cast: Sandblast         ||    21
Armor: Robe              ||     2
Dodge: Dodged            ||     4
